 Dungeon Crawl Stone Soup version 0.25-a0-578-gc91f01c39c (webtiles) character file.

Game seed: 3775773285891741274, levelgen mode: deterministic

162 wullow the Skirmisher (level 5, 0/63 HPs)
             Began as a Demonspawn Fighter on Mar 3, 2020.
             Succumbed to an orc wizard's poison
             ... on level 4 of the Dungeon.
             The game lasted 00:05:43 (2464 turns).

wullow the Skirmisher (Demonspawn Fighter)          Turns: 2464, Time: 00:05:43

Health: 0/63       AC: 11    Str: 17    XL:     5   Next: 19%
Magic:  5/5        EV:  7    Int: 10    God:
Gold:   120        SH:  9    Dex: 12    Spells: 4/4 levels left

rFire    . . .     SeeInvis .   a - +0 war axe
rCold    . . .     Gourm    .   c - +0 kite shield
rNeg     . . .     Faith    .   b - +0 scale mail
rPois    .         Spirit   .   j - +2 helmet
rElec    .         Reflect  .   (no cloak)
rCorr    .         Harm     .   (no gloves)
MR       .....                  (no boots)
Stlth    ..........             (no amulet)
HPRegen  0.20/turn              (no ring)
MPRegen  0.09/turn              (no ring)

@: berserking, lethally poisoned (0 -> -19), very slightly contaminated, slowed,
invisible
A: claws 1, icy blue scales 1, spiny 1
a: no special abilities


You were on level 4 of the Dungeon.
You were not hungry.

You visited 1 branch of the dungeon, and saw 4 of its levels.

You collected 120 gold pieces.

Inventory:

Hand Weapons
 a - a +0 war axe (weapon)
 u - a cursed +0 hunting sling
 y - a +2 vampiric trident
Missiles
 o - 2 javelins (quivered)
 r - 21 poisoned darts
 t - 49 stones
 A - 17 sling bullets
Armour
 b - a +0 scale mail (worn)
 c - a +0 kite shield (worn)
 j - a +2 helmet (worn)
Jewellery
 k - an uncursed ring of ice
Wands
 p - a wand of flame (15)
Scrolls
 e - 4 scrolls of identify {unknown}
 g - 3 scrolls of teleportation {unknown}
 h - a scroll of blinking {unknown}
 i - 2 scrolls of fear {unknown}
 m - a scroll of random uselessness {unknown}
 n - a scroll of enchant armour {unknown}
 s - 2 scrolls of enchant weapon {unknown}
 v - a scroll of magic mapping {unknown}
Potions
 d - a potion of might
 l - a potion of invisibility
 q - 2 potions of haste
 z - 2 potions of curing {unknown}
Comestibles
 f - 6 rations
 x - 4 chunks of flesh


   Skills:
 + Level 3.8 Fighting
 * Level 3.6 Axes
 - Level 3.0 Armour
 + Level 3.4 Shields


You had 4 spell levels left.
You didn't know any spells.
Your spell library was empty.

Dungeon Overview and Level Annotations

Branches:
Dungeon (4/15)
 Temple: D:4-7

Altars:
Cheibriados
Dithmenos
Kikubaaqudgha
Ru
Trog
Xom
The Shining One


Innate Abilities, Weirdness & Mutations

You have sharp fingernails.
You are partially covered in icy blue scales. (AC +2)
You are partially covered in sharp spines.


Message History

You feel as though you will be slow longer.
It was a potion of invisibility.
You fade into invisibility!
* * * LOW HITPOINT WARNING * * *
You feel sick.
The orc wizard hits you but does no damage.
You are more poisoned.
You block the orc wizard's attack. You block the gnoll's attack.
The gnoll barely misses you.
The orc wizard hits you but does no damage.
You are more poisoned.
You are very lightly contaminated with residual magic.
* * * LOW HITPOINT WARNING * * *
You feel very sick.
The orc wizard gestures at the gnoll while chanting.
The magic dart hits the gnoll.
The gnoll closely misses you.
It was a potion of berserk rage.
A red film seems to cover your vision as you go berserk!
You feel yourself moving faster!
You feel mighty!
You die...

..# #...##...........
...##
#.........>......
....#
#.....(........(.
....##
##...........=...(
..)..#
#..........!......
....<#
##...g.g...........
.....#
##..##.o#..<........
...).#
##.#####g##)....##...
.P.)#####.##
#@######## .#
...[..##.## #.# #
....[....# ##.
..#P.PP.## ..
.###..P.# (.. .
.......# .<..
......PP... .###.
.._..##.###. .# #.
......#P# #


You could see an orc wizard and 3 gnolls.

Vanquished Creatures
  5 adders
  A gnoll (D:4)
  An ooze (D:2)
  2 worms
  3 dart slugs
  5 leopard geckos
  12 orcs
  3 giant cockroaches
  5 goblins
  4 hobgoblins
  5 jackals (D:2)
  6 kobolds
  4 quokkas
  8 bats
  3 frilled lizards (D:2)
  6 rats
73 creatures vanquished.

Notes
Turn   | Place    | Note
-------+----------+-------------------------------------------
     0 | D:1      | wullow the Demonspawn Fighter began the quest for the Orb.
     0 | D:1      | Reached XP level 1. HP: 18/18 MP: 1/1
   208 | D:1      | Gained mutation: You are partially covered in icy blue
                  | scales. (AC +2) [demonic ancestry]
   208 | D:1      | Reached XP level 2. HP: 24/24 MP: 2/2
   953 | D:2      | Gained mutation: You have sharp fingernails. [demonic
                  | ancestry]
   953 | D:2      | Reached XP level 3. HP: 29/29 MP: 3/3
  1413 | D:2      | Gained mutation: You are partially covered in sharp spines.
                  | [demonic ancestry]
  1413 | D:2      | Reached XP level 4. HP: 22/35 MP: 4/4
  2006 | D:3      | Found a glowing golden altar of the Shining One.
  2273 | D:3      | Found a shimmering altar of Xom.
  2281 | D:3      | Found a sacrificial altar of Ru.
  2281 | D:3      | Found a bloodstained altar of Trog.
  2283 | D:3      | Reached XP level 5. HP: 42/42 MP: 5/5
  2293 | D:3      | Found a shadowy altar of Dithmenos.
  2295 | D:3      | Found a snail-covered altar of Cheibriados.
  2401 | D:4      | Found an ancient bone altar of Kikubaaqudgha.
  2463 | D:4      | HP: 1/42 [poisoned by an orc wizard]
  2464 | D:4      | Succumbed to an orc wizard's poison

Levels and vault maps discovered:
D:1:      minmay_arrival_glassed_features, layout_basic, serial_forest,
          infiniplex_forest_lined_2, infiniplex_forest_end_3,
          infiniplex_forest_lined_2, infiniplex_forest_clump_medium,
          infiniplex_forest_corner_1, infiniplex_forest_zigzag_1
D:2:      layout_basic, minmay_pentomino_w2
D:3:      layout_basic, minitemple
D:4:      layout_layer_cave, kiku_gazebo_garden_becter,
          minmay_temple_entry_junction, first_ration, uniq_blork_the_orc

Skill      XL: |  1  2  3  4 |
---------------+-------------+-----
Axes           | 2 3 |  3.6
Armour         | 3 |  3.0
Shields        | 3 |  3.4
Fighting       | |  3.8

Action                   |  1- 3 |  4- 6 || total
-------------------------+-------+-------++-------
Melee: War axe           |   135 |    70 ||   205
Throw: Javelin           |       |     5 ||     5
  Use: Potion            |       |     2 ||     2
  Eat: Chunk             |     2 |     3 ||     5
Armor: Scale mail        |   115 |    41 ||   156
Dodge: Dodged            |    53 |    34 ||    87
Block: Kite shield       |   102 |    44 ||   146

Table legend:
 A = Non-vault XP
 B = Vault XP
 C = Vault XP percentage of total XP
 D = Non-vault monster count
 E = Vault monster count
 F = Vault count percentage of total count
                 A         B        C        D         E       F
            +---------+---------+-------+---------+---------+-------
      Total |     227 |       5 |   2.2 |      71 |       2 |   2.7
            +---------+---------+-------+---------+---------+-------
        D:1 |      16 |       0 |   0.0 |       8 |       0 |   0.0
        D:2 |      87 |       5 |   5.4 |      30 |       2 |   6.2
        D:3 |     102 |       0 |   0.0 |      29 |       0 |   0.0
        D:4 |      22 |       0 |   0.0 |       4 |       0 |   0.0
            +---------+---------+-------+---------+---------+-------
